 Dungeon Crawl Stone Soup version 0.30-a0-1103-g25895a7845 (webtiles) character file.

Game seed: 13643957115911496977

128 Newt the Trooper (level 4, 0/37 HPs)
             Began as a Demonspawn Gladiator on Apr 18, 2023.
             Slain by Natasha (5 damage)
             ... on level 2 of the Dungeon.
             The game lasted 00:02:06 (2570 turns).

Newt the Trooper (Demonspawn Gladiator)             Turns: 2570, Time: 00:02:07

Health: 0/37       AC:  6    Str: 16    XL:     4   Next: 87%
Magic:  4/4        EV: 12    Int:  7    God:
Gold:   83         SH:  0    Dex: 15    Spells: 3/3 levels left

rFire   . . .      SeeInvis .    g - +0 falchion (freeze)
rCold   . . .      Faith    .    (no shield)
rNeg    . . .      Spirit   .    b - +0 leather armour
rPois   .          Reflect  .    c - +1 helmet
rElec   .          Rampage  .    q - +0 cloak
rCorr   .          Clarity  +    (no gloves)
Will    .....                    (no boots)
Stlth   +                        (no amulet)
HPRegen 0.26/turn                r - ring of wizardry
MPRegen 0.09/turn                (no ring)

@: slowed, very slow
A: powered by pain 1, demonic magic 1, claws 1, clarity, dopey 1
a: no special abilities


You were on level 2 of the Dungeon.
You visited 1 branch of the dungeon, and saw 2 of its levels.

You collected 83 gold pieces.

Inventory:

Hand Weapons
 a - a +0 rapier
 g - a +0 falchion of freezing (weapon)
Missiles
 e - a javelin (quivered)
 l - 2 throwing nets
 p - 6 poisoned darts
Armour
 b - a +0 leather armour (worn)
 c - a +1 helmet (worn)
 q - a +0 cloak (worn)
Jewellery
 n - a ring of fire
 r - a ring of wizardry (left claw)
Scrolls
 i - 2 scrolls of identify {unknown}
 m - a scroll of fog {unknown}
Potions
 d - a potion of flight {unknown}
 f - a potion of mutation
 h - a potion of attraction {unknown}
 j - a potion of brilliance {unknown}
 k - a potion of cancellation {unknown}
 o - a potion of might {unknown}


   Skills:
 - Level 4.0 Fighting
 - Level 2.6 Short Blades
 + Level 3.4 Throwing
 - Level 2.6 Dodging


You had 3 spell levels left.
You didn't know any spells.
Your spell library contained the following spells:

 Spells                   Type           Power      Damage    Failure   Level
 Blink                    Tloc           0%         N/A       32%         2
 Manifold Assault         Tloc           0%         N/A       89%         4
 Storm Form               Tmut/Air       0%         N/A       100%        7


Dungeon Overview and Level Annotations

Branches:
Dungeon (2/15)

Altars:

Annotations:
D:2 1 runed translucent door, Crazy Yiuf, Natasha


Innate Abilities, Weirdness & Mutations

You sometimes gain a little power by taking damage.
Spells you cast may paralyse adjacent enemies.
You have sharp fingernails.
You possess an exceptional clarity of mind.
You are dopey. (Int -2)


Message History

The cerulean imp hits you from afar with a +2 spear.
Natasha casts a spell.
The cerulean imp closely misses you.
The cerulean imp hits you but does no damage.
The cerulean imp hits you from afar with a +2 spear.
Natasha stares at you and mumbles some strange words.
The magic dart hits you. The cerulean imp barely misses you.
The cerulean imp hits you but does no damage. x2
The cerulean imp misses you.
You enter the shallow water.
Moving in this stuff is going to be slow.
The cerulean imp hits you from afar with a +0 spear.
The cerulean imp misses you. Natasha casts a spell at you.
The magic dart hits you but does no damage.
The cerulean imp hits you from afar with a +0 spear.
The cerulean imp hits you from afar with a +2 spear.
* * * LOW HITPOINT WARNING * * *
The cerulean imp disappears in a puff of smoke!
The cerulean imp hits the plant with a +1 spear.
The plant begins to die.
The cerulean imp misses you. The cerulean imp closely misses you.
Natasha claws you.
* * * LOW HITPOINT WARNING * * *
Unknown command.
You hit Natasha. You freeze Natasha.
Natasha is heavily wounded.
The cerulean imp barely misses you. x2; Natasha barely misses you.
The cerulean imp hits you from afar with a +2 spear.
* * * LOW HITPOINT WARNING * * *
Natasha closely misses you. The cerulean imp misses you.
Unknown command.
You hit Natasha. You freeze Natasha.
Natasha is almost dead.
A nearby plant withers and dies.
The cerulean imp barely misses you. x2
Natasha casts a spell at you.
You feel as though you will be slow longer.
The cerulean imp hits you from afar with a +2 spear.
* * * LOW HITPOINT WARNING * * *
Natasha claws you.
You die...

############
#..........#
#.#.♣♣.....#
#.P@h5.....#
#.~~P5.~...#
#####
#♣~P~.~~P..#
#....
#♣P~≈~~†.<.#
#....
#.~P~≈~~...#
#..^.
#.~~~≈~~)..#
#....
#P~~~~~.).?#
#....
#.P~~..~##.#
#.<..
#.P~~~~~.#.#
#....


You could see Natasha and 2 cerulean imps.

Vanquished Creatures
  Terence (D:2)
  Natasha (twice) (D:2)
  4 dart slugs
  4 bats
  5 endoplasms
  3 giant cockroaches
  4 goblins
  4 hobgoblins (D:1)
  3 kobolds
  2 quokkas (D:1)
  7 ball pythons
  3 frilled lizards
  4 rats
46 creatures vanquished.

Vanquished Creatures (others)
  8 plants (D:2)
8 creatures vanquished.

Grand Total: 54 creatures vanquished

Notes
Turn   | Place    | Note
-------+----------+-------------------------------------------
     0 | D:1      | Newt the Demonspawn Gladiator began the quest for the Orb.
     0 | D:1      | Reached XP level 1. HP: 16/16 MP: 1/1
   129 | D:1      | Gained mutation: Spells you cast may paralyse adjacent
                  | enemies. [demonic ancestry]
   129 | D:1      | Reached XP level 2. HP: 5/23 MP: 2/2
   446 | D:1      | Reached skill level 3 in Fighting
  1074 | D:1      | Gained mutation: You sometimes gain a little power by
                  | taking damage. [demonic ancestry]
  1074 | D:1      | Reached XP level 3. HP: 24/29 MP: 3/3
  1524 | D:2      | Found a runed translucent door.
  1525 | D:2      | Noticed Crazy Yiuf
  1628 | D:2      | Noticed Terence
  1645 | D:2      | HP: 1/30 [Terence/+0 falchion of freezing (2)]
  1647 | D:2      | Gained mutation: You possess an exceptional clarity of
                  | mind. [potion of mutation]
  1647 | D:2      | Gained mutation: You have sharp fingernails. [potion of
                  | mutation]
  1647 | D:2      | Gained mutation: You are dopey. (Int -2) [potion of
                  | mutation]
  1649 | D:2      | Killed Terence
  1650 | D:2      | Reached skill level 4 in Fighting
  1942 | D:2      | Found a faded altar of an unknown god.
  2024 | D:2      | Noticed Natasha
  2029 | D:2      | Killed Natasha
  2030 | D:2      | Reached XP level 4. HP: 37/37 MP: 4/4
  2167 | D:2      | Noticed Natasha
  2188 | D:2      | Killed Natasha
  2553 | D:2      | Noticed Natasha
  2570 | D:2      | Slain by Natasha

Illustrated notes

Levels and vault maps discovered:
D:1:      lemuel_arrival_broad_hall, layout_basic, kennysheep_small_spiral,
          minmay_nonomino_d4
D:2:      layout_rooms, serial_bayou, serial_bayou_pond_c, serial_bayou_pond_b,
          serial_bayou_shore_a, serial_bayou_pond_e,
          ebering_ecumenical_altar_hall, uniq_terence, uniq_crazy_yiuf_cottage,
          uniq_natasha

Skill      XL: |  1  2  3  4 |
---------------+-------------+-----
Fighting       | 3 4 |  4.0
Throwing       | 2 3 |  3.4
Short Blades   | |  2.6
Dodging        | |  2.6

Action                     |  1- 3 |  4- 6 || total
---------------------------+-------+-------++-------
  Melee: Rapier            |    86 |       ||    86
         Falchion          |     3 |    68 ||    71
         Punch             |     1 |     1 ||     2
  Throw: Javelin           |     1 |       ||     1
         Dart              |     6 |       ||     6
         Throwing net      |     3 |       ||     3
    Use: Scroll            |     3 |       ||     3
         Potion            |     2 |       ||     2
   Stab: Sleeping          |     3 |       ||     3
         Held in net/web   |     1 |       ||     1
 Armour: Leather armour    |    25 |    42 ||    67
  Dodge: Dodged            |    67 |    85 ||   152

Table legend: (Time is in decaauts)
 A = Elapsed time spent in this place.
 B = Non-inter-level travel time spent in this place.
 C = Inter-level travel time spent in this place.
 D = Time resting spent in this place.
 E = Time spent auto-exploring this place.
 F = Levels seen in this place.
 G = Mean time per level.
                   A        B        C        D        E       F      G
               +--------+--------+--------+--------+--------+-----+--------+
         Total |   2627 |   2542 |     85 |    867 |   1279 |   2 | 1313.5 |
       Dungeon |   2627 |   2542 |     85 |    867 |   1279 |   2 | 1313.5 |
               +--------+--------+--------+--------+--------+-----+--------+

Top non-repeatable levels by time:
     D:1: 1409 daAuts
     D:2: 1218 daAuts
